 Dungeon Crawl Stone Soup version 0.29-a0-830-gcb1280458a (webtiles) character file.

Game seed: 2856915604255414747

210 wilfster70 the Trooper (level 5, -3/34 HPs)
             Began as a Gargoyle Fighter on July 11, 2022.
             Was a Follower of Okawaru.
             Slain by Natasha (4 damage)
             ... on level 2 of the Dungeon.
             The game lasted 00:04:04 (1911 turns).

wilfster70 the Trooper (Gargoyle Fighter)           Turns: 1911, Time: 00:04:05

Health: -3/34      AC: 10    Str: 20    XL:     5   Next: 88%
Magic:  6/6        EV:  9    Int: 10    God:    Okawaru [*.....]
Gold:   74         SH:  4    Dex:  9    Spells: 4/4 levels left

rFire   . . .      SeeInvis .   b - +2 short sword (venom)
rCold   . . .      Faith    .   c - +0 buckler
rNeg    + . .      Spirit   .   g - +0 scale mail
rPois   ∞          Reflect  .   (no helmet)
rElec   +          Harm     .   (no cloak)
rCorr   .          Rampage  .   (no gloves)
Will    .....                   (no boots)
Stlth   ..........              (no amulet)
HPRegen 0.11/turn               (no ring)
MPRegen 0.10/turn               (no ring)

@: no status effects
A: sickness immunity, AC +4, negative energy resistance 1, electricity
resistance, torment resistance 1, petrification resistance
a: Renounce Religion, Heroism


You were on level 2 of the Dungeon.
You worshipped Okawaru.
Okawaru was aware of your devotion.
You visited 1 branch of the dungeon, and saw 2 of its levels.

You collected 74 gold pieces.

Inventory:

Hand Weapons
 a - a +0 war axe
 b - a +2 short sword of venom (weapon)
Armour
 c - a +0 buckler (worn)
 g - a +0 scale mail (worn)
Scrolls
 f - a scroll of fear
Potions
 d - a potion of might
 h - a potion of cancellation


   Skills:
 + Level 4.5 Fighting
 * Level 4.2 Axes
 - Level 3.2 Armour
 - Level 3.2 Shields
 + Level 2.1 Invocations


You had 4 spell levels left.
You didn't know any spells.
Your spell library contained the following spells:

 Spells                   Type           Power      Damage    Failure   Level
 Slow                     Hex            0%         N/A       80%         1
 Static Discharge         Conj/Air       0%         3-3/arc   91%         2
 Confusing Touch          Hex            0%         N/A       99%         3
 Vampiric Draining        Necr           0%         2d6       99%         3
 Lightning Bolt           Conj/Air       0%         1d11      100%        5
 Maxwell's Capacitive Co  Air            0%         ∞         100%        8


Dungeon Overview and Level Annotations

Branches:
Dungeon (2/15)

Altars:
Okawaru

Annotations:
D:2 Jessica, Natasha


Innate Abilities, Weirdness & Mutations

You are immune to sickness and miasma.
Your stone body is resilient. (AC +4)
You are immune to poison.
You resist negative energy. (rN+)
You are resistant to electric shocks. (rElec)
You are resistant to unholy torment.
You are immune to petrification.


Message History

The crimson imp hits you.
You hear a zap.
Some rock shatters into small pieces.
The crimson imp attacks as you move away!
The crimson imp barely misses you. The white imp gestures at you.
The puff of frost hits you.
The crimson imp attacks as you move away!
The crimson imp barely misses you.
The crimson imp attacks as you move away!
The crimson imp hits you but does no damage.
The crimson imp attacks as you move away!
The crimson imp completely misses you.
The crimson imp grins evilly.
The crimson imp attacks as you move away!
The crimson imp closely misses you.
The crimson imp disappears in a puff of smoke!
The white imp disappears in a puff of smoke!
Natasha casts a spell.
Natasha howls an incantation.
You feel troubled.
The white imp shouts, "Quit, thou vain base-court joithead!"
The white imp gestures at you.
The puff of frost hits you but does no damage.
The white imp gestures at you. The puff of frost hits you!
* * * LOW HITPOINT WARNING * * *
The white imp hits you.
* * * LOW HITPOINT WARNING * * *
The white imp freezes you.
* * * LOW HITPOINT WARNING * * *
You barely miss the white imp.
The white imp disappears in a puff of smoke!
You completely miss Natasha. Natasha claws you.
* * * LOW HITPOINT WARNING * * *
You block Natasha's attack.
You hit Natasha.
Natasha is poisoned.
Natasha is moderately wounded.
Natasha claws you.
You die...

#.#.^.......#########
#.#.##......†...#
#.#.##.########.#
#.#.##.# #.#
##.#.##.# #.#
...#.##.# #.#
......#.# #.#
#######.# #.# # .#
#@# #######.# #h###
.....!).# #..(#
......############.#
.)...........h.5...#
.)....##############
......# ......#
#######


You could see Natasha (very poisoned).

Vanquished Creatures
  Sigmund (D:2)
  A gnoll (D:1)
  A worm (D:2)
  2 dart slugs (D:1)
  3 bats
  5 endoplasms
  2 giant cockroaches
  3 goblins
  4 hobgoblins
  4 kobolds
  4 quokkas (D:1)
  A ball python (D:1)
  A frilled lizard (D:1)
  A rat (D:2)
33 creatures vanquished.

Notes
Turn   | Place    | Note
-------+----------+-------------------------------------------
     0 | D:1      | wilfster70 the Gargoyle Fighter began the quest for the
                  | Orb.
     0 | D:1      | Reached XP level 1. HP: 14/14 MP: 1/1
   248 | D:1      | Reached XP level 2. HP: 19/19 MP: 2/2
   995 | D:1      | Reached XP level 3. HP: 24/24 MP: 3/3
  1332 | D:1      | Found a faded altar of an unknown god.
  1337 | D:1      | Prayed at the altar of an unknown god.
  1337 | D:1      | Became a worshipper of Warmaster Okawaru
  1337 | D:1      | Reached * piety under Okawaru
  1501 | D:2      | Noticed Sigmund
  1512 | D:2      | Killed Sigmund
  1513 | D:2      | Reached XP level 4. HP: 6/30 MP: 3/5
  1513 | D:2      | Reached XP level 5. HP: 7/34 MP: 3/6
  1854 | D:2      | Noticed Jessica
  1857 | D:2      | Noticed Natasha
  1910 | D:2      | HP: 1/34 [Natasha (5)]
  1911 | D:2      | Slain by Natasha

Illustrated notes

Levels and vault maps discovered:
D:1:      mrwooster_arrival_statue_2, layout_loops_ring,
          hellmonk_ecumenical_altar_leap_of_faith, minivault_4
D:2:      layout_basic, uniq_sigmund, uniq_natasha, uniq_jessica

Skill      XL: |  1  2  3 |
---------------+----------+-----
Axes           | 2 4 |  4.2
Fighting       | 4 |  4.5
Invocations    | 2 |  2.1
Armour         | |  3.2
Shields        | |  3.2

Action                   |  1- 3 |  4- 6 || total
-------------------------+-------+-------++-------
Melee: War axe           |    39 |       ||    39
       Short sword       |    56 |     7 ||    63
  Use: Scroll            |     3 |     2 ||     5
Armor: Scale mail        |    46 |     5 ||    51
Dodge: Dodged            |    40 |     5 ||    45
Block: Buckler           |    12 |     1 ||    13

Table legend: (Time is in decaauts)
 A = Elapsed time spent in this place.
 B = Non-inter-level travel time spent in this place.
 C = Inter-level travel time spent in this place.
 D = Time resting spent in this place.
 E = Time spent auto-exploring this place.
 F = Levels seen in this place.
 G = Mean time per level.
                   A        B        C        D        E       F      G
               +--------+--------+--------+--------+--------+-----+--------+
         Total |   1936 |   1917 |     19 |    832 |    574 |   2 |  968.0 |
       Dungeon |   1936 |   1917 |     19 |    832 |    574 |   2 |  968.0 |
               +--------+--------+--------+--------+--------+-----+--------+

Top non-repeatable levels by time:
     D:1: 1404 daAuts
     D:2: 532 daAuts
